 Dungeon Crawl Stone Soup version 0.28-a0-1286-g6bde065e89 (webtiles) character file.

Game seed: 148153608760007745

76856 oldriver the Convoker (level 14, 0/66 HPs)
             Began as a Felid Summoner on Dec 27, 2021.
             Was the Champion of Jiyva.
             Slain by a torpor snail (16 damage)
             ... on level 4 of the Spider Nest.
             The game lasted 02:22:12 (37697 turns).

oldriver the Convoker (Felid Summoner)             Turns: 37697, Time: 02:22:13

Health: 0/66       AC:  9    Str:  8    XL:     14   Next: 69%
Magic:  30/35      EV: 21    Int: 21    God:    Jiyva [******]
Gold:   312        SH:  0    Dex: 21    Spells: 13/45 levels left
                                        Lives:  0   Deaths: 4

rFire   + + .      SeeInvis +   (weapon unavailable)
rCold   + . .      Faith    .   (shield unavailable)
rNeg    + . .      Spirit   .   (armour unavailable)
rPois   +          Reflect  .   (helmet unavailable)
rElec   .          Harm     .   (cloak unavailable)
rCorr   +          Rampage  .   (gloves unavailable)
Will    +++++      Clarity  +   (boots unavailable)
Stlth   +++++++...              g - amulet of the Four Winds {rN+ Will+++ Clar}
HPRegen 1.81/turn               j - ring of Shadows {Umbra +Inv Stlth+}
MPRegen 0.74/turn               z - ring of protection from fire

@: marked, slowed, slow
A: very small, claws 1, fangs 3, see invisible, speed 1, shaggy fur 3, stealthy
paws, no weapons or thrown items, no armour, multi-lived, antennae 2, iridescent
scales 3, thin skeletal structure 2, clarity, fire resistance 1, poison
resistance, robust 1, strong 2, wild magic 1, engulf
}: 1/15 runes: slimy
a: Renounce Religion, Evoke Invisibility, Oozemancy, Slimify


You were on level 4 of the Spider Nest.
You worshipped Jiyva.
Jiyva was exalted by your worship.
You visited 6 branches of the dungeon, and saw 31 of its levels.
You also visited: Ossuary.

You collected 1456 gold pieces.
You spent 1144 gold pieces at shops.

Inventory:

Jewellery
 c - a +6 ring of dexterity
 g - the amulet of the Four Winds (around neck) {rN+ Will+++ Clar}
   (You found it on level 6 of the Lair of Beasts)

   [amulet of nothing]

   rN:        It protects you from negative energy.
   Clar:      It protects you against confusion.
   Will:      It greatly increases your willpower.
 j - the ring of Shadows (left paw) {Umbra +Inv Stlth+}
   (You bought it in a shop on level 2 of the Orcish Mines)

   [ring of stealth]

   It surrounds you with an aura of shadow, increasing your stealth and reducing
   the accuracy of all others within it.
   +Inv:      It lets you turn invisible.
   Stlth:     It makes you more stealthy.
 l - a +6 ring of strength
 y - an amulet of guardian spirit
 z - a ring of protection from fire (right paw)
 G - an amulet of regeneration
Wands
 d - a wand of iceblast (17)
 e - a wand of acid (17)
 r - a wand of charming (4)
 v - a wand of flame (4)
 C - a wand of polymorph (5)
Scrolls
 a - 2 scrolls of holy word {unknown}
 b - 7 scrolls of magic mapping
 f - a scroll of vulnerability
 i - 5 scrolls of teleportation
 n - a scroll of summoning
 q - a scroll of silence {unknown}
 u - 3 scrolls of amnesia
 D - 4 scrolls of identify
 F - a scroll of blinking
Potions
 h - a potion of mutation
 k - 2 potions of haste
 m - 2 potions of lignification
 o - 3 potions of might
 p - 2 potions of invisibility
 s - 10 potions of curing
 t - a potion of ambrosia
 w - a potion of magic
 x - a potion of flight
 A - a potion of berserk rage {unknown}
 B - a potion of attraction {unknown}
 E - a potion of heal wounds {unknown}
 H - a potion of brilliance


   Skills:
 + Level 6.0 Fighting
 + Level 5.6 Dodging
 + Level 6.2 Stealth
 + Level 0.3 Unarmed Combat
 * Level 16.3 Spellcasting
 + Level 11.3 Hexes
 * Level 16.4 Summonings
 + Level 10.5 Translocations
 + Level 8.2 Air Magic
 + Level 0.8 Invocations


You had 13 spell levels left.
You knew the following spells:

 Your Spells              Type           Power      Damage    Failure   Level
a - Summon Small Mammal   Summ           100%       N/A       1%          1
b - Call Imp              Summ           84%        N/A       1%          2
c - Call Canine Familiar  Summ           84%        N/A       1%          3
d - Blink                 Tloc           100%       N/A       1%          2
e - Summon Guardian Gole  Hex/Summ       78%        N/A       1%          3
f - Summon Lightning Spi  Summ/Air       74%        N/A       1%          4
g - Manifold Assault      Tloc           68%        N/A       2%          5
h - Summon Forest         Summ/Tloc      38%        N/A       1%          5
i - Summon Hydra          Summ           42%        N/A       5%          7

Your spell library contained the following spells:

 Spells                   Type           Power      Damage    Failure   Level
 Corpse Rot               Necr/Air       88%        N/A       1%          2
 Ensorcelled Hibernation  Hex/Ice        100%       N/A       1%          2
 Lesser Beckoning         Tloc           68%        N/A       1%          3
 Cause Fear               Hex            35%        N/A       1%          4
 Fulminant Prism          Conj/Hex       26%        3d14      5%          4
 Leda's Liquefaction      Hex/Erth       26%        N/A       5%          4
 Magic Dart               Conj           88%        1d7       6%          1
 Searing Ray              Conj           44%        2d6       9%          2
 Sublimation of Blood     Necr           22%        N/A       9%          2
 Spider Form              Tmut/Pois      22%        N/A       16%         3
 Dispel Undead            Necr           22%        3d12      43%         4
 Petrify                  Tmut/Erth      22%        N/A       43%         4
 Irradiate                Conj/Tmut      11%        3d17      75%         5
 Death Channel            Necr           11%        N/A       99%         6
 Eringya's Noxious Bog    Tmut/Pois      11%        N/A       99%         6
 Dragon's Call            Summ           42%        N/A       99%         9
 Dragon Form              Tmut           11%        N/A       100%        7
 Chain Lightning          Conj/Air       22%        3d29      100%        9
 Fire Storm               Conj/Fire      11%        8d3       100%        9
 Shatter                  Erth           11%        3d12*     100%        9
 Portal Projectile        Hex/Tloc       Unusable   N/A       N/A         3

Dungeon Overview and Level Annotations

Branches:
Dungeon (13/15)            Temple (1/1) D:6            Lair (6/6) D:8
 Shoals (0/4) Lair:3       Spider (4/4) Lair:3        Slime (5/5) Lair:6
    Orc (2/2) D:9             Elf (0/3) Orc:2       Ossuary (visited)
 Vaults: D:13-14

Altars:
Ashenzari
Cheibriados
Dithmenos
Elyvilon
Fedhas
Gozag
Hepliaklqana
Kikubaaqudgha
Makhleb
Nemelex Xobeh
Okawaru
Qazlal
Ru
Sif Muna
Trog
Uskayaw
Vehumet
Wu Jian
Xom
Yredelemnul
Zin
The Shining One
Beogh
Jiyva

Shops:
D:9 !   D:10 [   D:11 [   D:12 !   Orc:1 :   Orc:2 =[*(

Portals:
Trove: D:12 (give 7 potions of haste)

Annotations:
D:3 Grinder
D:9 1 runed translucent door, Adrian566's ghost, novice TrFi
Slime:5 Dissolution; Royal Jelly


Innate Abilities, Weirdness & Mutations

You have sharp claws.
You have razor-sharp teeth.
You have supernaturally acute eyesight. (SInv)
You cover ground quickly. (Speed+)
Your thick and shaggy fur keeps you warm. (AC +3, rC+)
Your paws help you pounce on unaware monsters.
You are incapable of wielding weapons or throwing items.
You cannot wear armour.
You gain extra lives every three experience levels.
You have a pair of antennae on your head.
You are completely covered in iridescent scales. (AC +6)
You have a moderately thin skeletal structure. (Dex +4, Stealth++)
You possess an exceptional clarity of mind.
Your flesh is heat resistant. (rF+)
Your system is resistant to poisons. (rPois)
You are robust. (+10% HP)
Your muscles are very strong. (Str +4)
Your spells are a little harder to cast, but a little more powerful.
Your melee attacks may engulf your foes in ooze.


Message History

The emperor scorpion closely misses you.
The hornet evades a web.
A jumping spider comes into view.
The jumping spider closely misses you. The jumping spider misses you.
The moth of wrath goads the redback on!
The redback goes berserk!
The emperor scorpion barely misses you. The emperor scorpion claws you!
* * * LOW HITPOINT WARNING * * *
The emperor scorpion closely misses you.
The demonic crawler shrieks in warning!
The jumping spider leaps!
The redback barely misses you.
The demonic crawler shrieks in warning!
Casting: Blink (safe; 1% risk of failure)
Confirm with . or Enter, or press ? or * to list all spells.
You blink.
An orb spider and an emperor scorpion come into view.
The hornet rages.
The jumping spider leaps! x2; The redback closely misses you.
Unknown command.
Casting: Blink (safe; 1% risk of failure)
Confirm with . or Enter, or press ? or * to list all spells.
You blink.
A culicivora comes into view.
The redback barely misses you.
The jumping spider leaps!
The redback completely misses you. The wolf spider misses you.
The wolf spider bites you.
* * * LOW HITPOINT WARNING * * *
The culicivora completely misses you. The redback barely misses you.
The jumping spider leaps! x3; The moth of wrath goads the hornet on!
The hornet goes berserk!
The moth of wrath goads the tarantella on!
The tarantella goes berserk!
The moth of wrath goads the culicivora on!
The culicivora goes berserk!
The jumping spider leaps!
The entropy weaver points at you and mumbles some strange words.
The redback misses you. The wolf spider completely misses you.
The wolf spider closely misses you.
A jumping spider comes into view.
The hornet rages.
The redback closely misses you. The torpor snail bites you!
You die...

.♣H♣≈≈≈..^#...........##
...≈ss..s.s..○...s#...^##
. ^.s^#....#.....○.#s≈#
.s ...s...##...§.....s^
..s{...ssssyBsss.....#.
....#..H^#.s.sy°..^#≈≈#
....s#ss#s.s....## #
#..Jsyssws...##
..y.#^.s.sB@sys..#
#.....#.s.yss...##
.s^..s...sws..^.#
s#..#..s^.......#
.....°#.##^...s^#
....s...........#
.#..#.....)...^.#
.....^.<........#
^#..#...........#


You could see an emperor scorpion (berserk, ally target), a jorogumo, a sun
moth, a steelbarb worm, 2 entropy weavers, a torpor snail (berserk), 2 demonic
crawlers, 3 wolf spiders, a moth of wrath, an orb spider, 3 culicivoras, 2
hornets, 6 jumping spiders, 5 tarantellas, 13 redbacks, a meliai and a friendly
acid blob (summoned, slow).

Vanquished Creatures
  A tarantella (Spider:2)
  2 bats
3 creatures vanquished.

Vanquished Creatures (collateral kills)
  Rupert (D:12)
  2 ghost moths
  An emperor scorpion (Spider:1)
  An orc warlord (Orc:1)
  A broodmother (Spider:3)
  4 entropy weavers
  A fire dragon (Lair:6)
  Fannar (D:10)
  A jorogumo (Spider:3)
  4 hydras
  Erolcha (D:12)
  2 boulder beetles
  A radroach (Spider:1)
  A catoblepas (Lair:3)
  4 two-headed ogres
  Urug (D:12)
  Sonja (D:11)
  An orc high priest (Orc:2)
  5 pharaoh ants
  5 orb spiders
  2 steelbarb worms (Spider:2)
  A lindwurm (Lair:6)
  2 orc knights (Orc:2)
  2 orc sorcerers (Orc:2)
  2 deep elf pyromancers (D:12)
  10 wolf spiders
  3 oklob plants (Lair:2)
  2 moths of wrath
  A merfolk siren (Lair:3)
  A cyclops (Orc:2)
  An elephant (D:8)
  4 black mambas
  6 cane toads
  3 molten gargoyles (Lair:6)
  A gargoyle (D:12)
  A torpor snail (Spider:3)
  5 demonic crawlers
  13 komodo dragons
  An unseen horror (D:12)
  3 rime drakes
  4 trolls
  12 meliai
  9 dream sheep
  18 tarantellas
  12 blink frogs
  14 jumping spiders
  11 culicivoras
  20 yaks
  2 wraiths
  3 wyverns
  7 basilisks
  3 steam dragons (Lair:6)
  37 redbacks
  2 vampire mosquitoes (D:12)
  6 wargs
  An acid dragon (D:8)
  3 hell hounds (Lair:6)
  23 water moccasins
  22 orc warriors
  An ice beast (D:6)
  2 sky beasts
  4 black bears
  A necrophage (D:6)
  5 ogres
  10 wolves
  2 centaurs
  A phantom (D:7)
  10 bullfrogs
  A kobold brigand (D:8)
  3 gnoll sergeants
  3 scorpions
  3 wights
  An electric eel (Lair:4)
  2 crimson imps (D:5)
  5 howler monkeys
  5 lava snakes (Lair:6)
  2 centaur zombies
  17 orc priests
  3 hounds
  A gnoll shaman (D:6)
  2 centaur skeletons
  3 human zombies (Ossuary)
  4 jellies
  An iguana (D:6)
  12 orc wizards
  A killer bee zombie (D:8)
  A hound skeleton (D:4)
  2 mummies (Ossuary)
  A howler monkey zombie (D:9)
  3 adders
  13 gnolls
  2 shadow imps
  2 adder zombies (Ossuary)
  A dart slug (D:5)
  65 orcs
  9 endoplasms
  3 giant cockroaches
  9 hobgoblins
  3 jackals (D:1)
  5 kobolds
  2 quokkas (D:3)
  4 ball pythons
  8 bats
  6 frilled lizards
  14 goblins
  3 goblin zombies (Ossuary)
  8 hobgoblin zombies (Ossuary)
  A jackal zombie (Ossuary)
  9 kobold zombies (Ossuary)
  9 orc zombies (Ossuary)
  A quokka zombie (D:8)
  3 rats
  2 rat zombies
606 creatures vanquished.

Vanquished Creatures (others)
  Aizul (Spider:1)
  An orc warlord (Orc:2)
  A broodmother (Spider:1)
  An entropy weaver (Spider:2)
  3 hydras
  2 jorogumos
  Erica (D:9)
  A two-headed ogre (Orc:1)
  A centaur warrior (D:9)
  A pharaoh ant (Spider:1)
  A steelbarb worm (Spider:2)
  An orc knight (Orc:2)
  2 wolf spiders
  A moth of wrath (Spider:2)
  2 black mambas
  2 cane toads
  A kobold demonologist (D:10)
  A rime drake (Lair:6)
  3 demonic crawlers
  2 meliai (Spider:3)
  2 trolls
  2 tarantellas
  2 hornets (D:8)
  2 dream sheep
  4 jumping spiders
  9 yaks
  11 redbacks
  A basilisk (Lair:6)
  2 wraiths
  A warg (Orc:2)
  2 water moccasins
  7 orc warriors
  2 ogres
  2 wolves
  2 centaurs (D:9)
  3 kobold brigands (D:9)
  Blork the orc (Orc:2)
  2 bullfrogs
  2 gnoll sergeants (D:9)
  9 wights
  A killer bee (D:9)
  A howler monkey (D:9)
  An electric eel (Lair:4)
  111 jellies
  3 orc priests
  5 orc wizards (Orc:2)
  15 orcs
  A goblin (D:9)
  3 kobolds (D:9)
  A bush (Lair:6)
  84 fungi
  156 plants
  10 snaplasher vines
489 creatures vanquished.

Grand Total: 1098 creatures vanquished

Notes
Turn   | Place    | Note
-------+----------+-------------------------------------------
     0 | D:1      | oldriver the Felid Summoner began the quest for the Orb.
     0 | D:1      | Reached XP level 1. HP: 7/7 MP: 4/4
   285 | D:1      | Reached XP level 2. HP: 11/11 MP: 3/6
   930 | D:1      | Found a faded altar of an unknown god.
   939 | D:1      | Learned a level 2 spell: Call Imp
   951 | D:1      | Reached XP level 3. HP: 14/14 MP: 4/7
   955 | D:1      | Learned a level 3 spell: Call Canine Familiar
  2561 | D:2      | Found a glowing golden altar of the Shining One.
  2813 | D:3      | Found a basalt altar of Yredelemnul.
  2976 | D:3      | Found a hide-covered altar of Uskayaw.
  3059 | D:3      | Reached XP level 4. HP: 18/18 MP: 4/9
  3177 | D:3      | Noticed Grinder
  3518 | D:4      | Reached skill level 5 in Summonings
  3757 | D:4      | Found an ornate altar of the Wu Jian Council.
  3800 | D:4      | Reached XP level 5. HP: 21/21 MP: 7/11
  3920 | D:4      | Found a shimmering blue altar of Sif Muna.
  4197 | D:5      | Entered Level 5 of the Dungeon
  5300 | D:5      | Gained mutation: You are covered in thick fur. (AC +2)
                  | [Felid growth]
  5300 | D:5      | Reached XP level 6. HP: 24/24 MP: 4/13
  5403 | D:4      | Slain by a scorpion
  5404 | D:4      | Reached XP level 5. HP: -3/21 MP: 6/12
  5806 | D:4      | Learned a level 2 spell: Blink
  6169 | D:5      | Reached skill level 1 in Translocations
  6212 | D:5      | Found an iron altar of Okawaru.
  6226 | D:5      | Reached XP level 6. HP: 24/24 MP: 8/13
  6347 | D:5      | Found a shimmering altar of Xom.
  6401 | D:5      | Found a snail-covered altar of Cheibriados.
  7176 | D:6      | Noticed a sky beast
  7217 | D:6      | Killed a sky beast
  7218 | D:6      | Reached skill level 5 in Spellcasting
  7588 | D:6      | Reached XP level 7. HP: 27/27 MP: 3/15
  8055 | D:6      | Found a sacrificial altar of Ru.
  8562 | D:6      | Found a staircase to the Ecumenical Temple.
  8698 | Temple   | Entered the Ecumenical Temple
  8791 | Temple   | Became a worshipper of Elyvilon the Healer
  9711 | D:6      | Learned a level 3 spell: Summon Guardian Golem
  9948 | D:7      | Noticed a wraith
 10010 | D:7      | Reached * piety under Elyvilon
 10063 | D:7      | Reached skill level 1 in Hexes
 10063 | D:7      | Reached XP level 8. HP: 31/31 MP: 6/18
 11065 | D:8      | Found a sand-covered staircase.
 11072 | Ossuary  | Entered an ossuary
 11654 | D:8      | Found a hide-covered altar of Uskayaw.
 11697 | D:8      | Reached ** piety under Elyvilon
 11773 | D:8      | Reached XP level 9. HP: 34/34 MP: 16/21
 11952 | D:8      | Noticed an elephant
 12253 | D:8      | Learned a level 4 spell: Summon Lightning Spire
 12462 | D:8      | Found a stormy altar of Qazlal.
 12568 | D:8      | Reached skill level 1 in Air Magic
 12668 | D:8      | Found a staircase to the Lair.
 12681 | D:8      | Reached skill level 5 in Hexes
 12721 | D:8      | Reached skill level 5 in Stealth
 13119 | D:8      | Noticed a two-headed ogre
 13177 | D:8      | Killed a two-headed ogre
 13178 | D:8      | Reached XP level 10. HP: 37/37 MP: 7/23
 13352 | D:8      | Reached *** piety under Elyvilon
 13415 | D:8      | Killed an elephant
 13949 | D:9      | Found Tuad's Distillery.
 14178 | Lair:1   | Entered Level 1 of the Lair of Beasts
 14363 | Lair:1   | Reached skill level 5 in Translocations
 14388 | Lair:1   | Noticed a cane toad
 14403 | Lair:1   | Killed a cane toad
 14404 | Lair:1   | Reached skill level 10 in Summonings
 14938 | Lair:1   | Reached **** piety under Elyvilon
 14949 | Lair:1   | Noticed a cane toad
 14967 | Lair:1   | Killed a cane toad
 15584 | Lair:2   | Noticed a cane toad
 15855 | Lair:2   | Killed a cane toad
 15937 | Lair:2   | Reached skill level 10 in Spellcasting
 16029 | Lair:2   | Reached XP level 11. HP: 40/40 MP: 7/26
 16261 | Lair:2   | Noticed an oklob plant
 16300 | Lair:2   | Found a snail-covered altar of Cheibriados.
 16309 | Lair:2   | Killed an oklob plant
 16539 | Lair:2   | Reached ***** piety under Elyvilon
 16863 | Lair:2   | Found a blossoming altar of Fedhas.
 16865 | Lair:2   | Noticed an oklob plant
 16876 | Lair:2   | Killed an oklob plant
 16924 | Lair:2   | Noticed an oklob plant
 16945 | Lair:2   | Killed an oklob plant
 17275 | Lair:3   | Reached skill level 5 in Air Magic
 17350 | Lair:3   | Noticed a six-headed hydra
 17363 | Lair:3   | Killed a six-headed hydra
 17594 | Lair:3   | Noticed a catoblepas
 17632 | Lair:3   | Killed a catoblepas
 17880 | Lair:3   | Learned a level 5 spell: Manifold Assault
 18165 | Lair:3   | Found a hole to the Spider Nest.
 18311 | Lair:3   | You fall into a shaft and drop 3 floors!
 18311 | Lair:6   | Entered Level 6 of the Lair of Beasts
 18311 | Lair:6   | Noticed a five-headed hydra
 18330 | Lair:6   | Noticed a seven-headed hydra
 18336 | Lair:6   | HP: 1/40 [komodo dragon (19)]
 18337 | Lair:6   | Killed a five-headed hydra
 18355 | Lair:6   | Elyvilon protects you from harm!
 18364 | Lair:6   | Mangled by a hell hound
 18365 | Lair:6   | Reached XP level 10. HP: -7/37 MP: 20/26
 18393 | Lair:6   | Reached XP level 11. HP: 40/40 MP: 17/27
 19501 | Lair:6   | Killed a seven-headed hydra
 19578 | Lair:6   | Found a runed translucent door.
 19579 | Lair:6   | Found a viscous altar of Jiyva.
 19581 | Lair:6   | Found a staircase to the Slime Pits.
 20020 | Lair:6   | Fell from the grace of Elyvilon
 20020 | Lair:6   | Became a worshipper of Jiyva Jaezxieg the Shapeless
 20595 | Lair:6   | Noticed a seven-headed hydra
 20606 | Lair:6   | Killed a seven-headed hydra
 20669 | Lair:6   | Noticed a fire dragon
 20734 | Lair:5   | Killed from afar by a rime drake
 20735 | Lair:5   | Reached XP level 10. HP: 0/37 MP: 3/27
 20786 | Lair:4   | Noticed a black mamba
 20832 | Lair:5   | Reached XP level 11. HP: 13/40 MP: 20/28
 21196 | Lair:4   | Reached * piety under Jiyva
 21724 | Lair:4   | Noticed a boulder beetle
 21743 | Lair:4   | Killed a boulder beetle
 21744 | Lair:4   | Reached skill level 1 in Fighting
 21778 | Lair:4   | Reached ** piety under Jiyva
 22771 | Lair:5   | Reached *** piety under Jiyva
 22840 | Lair:5   | Gained mutation: Your melee attacks may engulf your foes in
                  | ooze. [Jiyva's grace]
 22840 | Lair:5   | Gained mutation: You are robust. (+10% HP) [Jiyva's grace]
 22840 | Lair:5   | Gained mutation: You are very robust. (+20% HP) [Jiyva's
                  | grace]
 22840 | Lair:5   | Gained mutation: You are extremely robust. (+30% HP)
                  | [Jiyva's grace]
 23021 | Lair:6   | Noticed an eight-headed hydra
 23053 | Lair:6   | Killed an eight-headed hydra
 23054 | Lair:6   | Gained mutation: Your thick and shaggy fur keeps you warm.
                  | (AC +3, rC+) [Felid growth]
 23054 | Lair:6   | Reached XP level 12. HP: 62/62 MP: 24/29
 23347 | Lair:6   | Noticed a seven-headed hydra
 23356 | Lair:6   | Killed a seven-headed hydra
 23731 | Lair:6   | Found a large runed translucent door.
 23732 | Lair:6   | Found a large runed translucent door.
 23826 | Lair:6   | Found the amulet of the Four Winds {rN+ Will+++ Clar}
 24067 | D:9      | Noticed Erica
 24721 | D:9      | Found a runed translucent door.
 24721 | D:9      | Noticed a centaur warrior
 24913 | D:9      | Killed a centaur warrior
 25089 | D:9      | Killed Erica
 25101 | D:9      | Reached **** piety under Jiyva
 25142 | D:9      | Found a radiant altar of Vehumet.
 25144 | D:9      | Found a shadowy altar of Dithmenos.
 25388 | D:9      | Found a staircase to the Orcish Mines.
 25487 | D:9      | Identified the +2 trident "Umileruh" {elec, MP+9 Int-3
                  | Dex+5}
 25495 | D:9      | Noticed Adrian566's ghost (novice TrFi)
 25610 | D:9      | Found an opulent altar of Gozag.
 25716 | Orc:1    | Entered Level 1 of the Orcish Mines
 25777 | Orc:1    | Noticed a two-headed ogre
 25785 | Orc:1    | Killed a two-headed ogre
 25966 | Orc:1    | Found Vitavatoi's Book Shoppe.
 26087 | Orc:1    | Noticed an orc warlord
 26129 | Orc:1    | Killed an orc warlord
 26255 | Orc:1    | Reached ***** piety under Jiyva
 26272 | Orc:1    | Gained mutation: You have a somewhat thin skeletal
                  | structure. (Dex +2, Stealth+) [Jiyva's grace]
 26272 | Orc:1    | Gained mutation: You have a moderately thin skeletal
                  | structure. (Dex +4, Stealth++) [Jiyva's grace]
 26272 | Orc:1    | Gained mutation: You have an unnaturally thin skeletal
                  | structure. (Dex +6, Stealth+++) [Jiyva's grace]
 26272 | Orc:1    | Gained mutation: Your system is resistant to poisons.
                  | (rPois) [Jiyva's grace]
 26411 | Orc:2    | Entered Level 2 of the Orcish Mines
 26662 | Orc:2    | Found a staircase to the Elven Halls.
 26743 | Orc:2    | Noticed an orc high priest
 26757 | Orc:2    | Killed an orc high priest
 26902 | Orc:2    | Killed Blork the orc
 26936 | Orc:2    | Reached XP level 13. HP: 70/70 MP: 31/31
 27064 | Orc:2    | Noticed an orc warlord
 27075 | Orc:2    | Reached skill level 5 in Fighting
 27087 | Orc:2    | Killed an orc warlord
 27161 | Orc:2    | Reached skill level 10 in Hexes
 27222 | Orc:2    | Found Agraum's Antique Armour Shoppe.
 27351 | Orc:2    | Found Fowofofe's Jewellery Shoppe.
 27382 | Orc:2    | Found Vihae's General Store.
 27407 | Orc:2    | Bought a Fen Folio for 504 gold pieces
 27413 | Orc:2    | Learned a level 5 spell: Summon Forest
 27421 | Orc:2    | Learned a level 7 spell: Summon Hydra
 27668 | Orc:2    | Found Ifaimofe's Antique Weapon Shoppe.
 27995 | Lair:6   | Killed a fire dragon
 28348 | Orc:2    | Bought the ring of Shadows {Umbra +Inv Stlth+} for 640 gold
                  | pieces
 28348 | Orc:2    | Found the ring of Shadows {Umbra +Inv Stlth+}
 28522 | Spider:1 | Entered Level 1 of the Spider Nest
 28854 | Lair:3   | Found a staircase to the Shoals.
 29228 | Spider:1 | Noticed Aizul
 29236 | Spider:1 | Killed Aizul
 29315 | Spider:1 | Noticed an entropy weaver
 29322 | Spider:1 | Killed an entropy weaver
 29454 | Spider:1 | Noticed an emperor scorpion
 29761 | Spider:1 | Killed an emperor scorpion
 29903 | Spider:1 | Lost mutation: You are extremely robust. (+30% HP) [Jiyva's
                  | grace]
 29903 | Spider:1 | Lost mutation: You are very robust. (+20% HP) [Jiyva's
                  | grace]
 29903 | Spider:1 | Gained mutation: You have a small jelly attached to you
                  | that may absorb projectiles. [Jiyva's grace]
 29903 | Spider:1 | Gained mutation: You have a pair of small antennae on your
                  | head. [Jiyva's grace]
 29903 | Spider:1 | Gained mutation: You have a pair of antennae on your head.
                  | [Jiyva's grace]
 29903 | Spider:1 | Gained mutation: You have a pair of large antennae on your
                  | head. (SInv) [Jiyva's grace]
 30377 | Spider:2 | Noticed a broodmother
 30417 | Spider:1 | Killed a broodmother
 30510 | Spider:1 | Reached XP level 14. HP: 64/64 MP: 30/33
 30616 | Spider:2 | Reached skill level 15 in Summonings
 30618 | Spider:2 | Reached skill level 5 in Dodging
 30654 | Spider:2 | Reached skill level 10 in Translocations
 30669 | Spider:2 | HP: 3/64 [wolf spider (20)]
 30669 | Spider:2 | Demolished by a steelbarb worm
 30670 | Spider:2 | Reached XP level 13. HP: -19/60 MP: 8/32
 30884 | Spider:2 | Noticed a ghost moth
 31324 | D:10     | Entered Level 10 of the Dungeon
 31378 | D:10     | Found a bloodstained altar of Trog.
 31444 | D:10     | Reached ****** piety under Jiyva
 31531 | D:10     | Reached skill level 15 in Spellcasting
 31635 | D:10     | Found a hazy altar of Hepliaklqana.
 31667 | D:10     | Noticed Fannar
 31677 | D:10     | Killed Fannar
 31706 | D:10     | Found Ycocvey's Armour Shoppe.
 32244 | D:11     | Lost mutation: You have a small jelly attached to you that
                  | may absorb projectiles. [Jiyva's grace]
 32244 | D:11     | Gained mutation: You are strong-willed. (Will+) [Jiyva's
                  | grace]
 32244 | D:11     | Gained mutation: You are highly strong-willed. (Will++)
                  | [Jiyva's grace]
 32244 | D:11     | Gained mutation: You are extremely strong-willed. (Will+++)
                  | [Jiyva's grace]
 32244 | D:11     | Gained mutation: You possess an exceptional clarity of
                  | mind. [Jiyva's grace]
 32553 | D:11     | Noticed Sonja
 32567 | D:11     | Killed Sonja
 32775 | D:11     | Found Zhao Yu's Dragon-Slaying Spoils.
 32885 | D:12     | Found Hifosaon's Distillery.
 33294 | D:12     | Noticed Urug
 33312 | D:12     | Killed Urug
 33478 | D:12     | Noticed Rupert
 33500 | D:12     | Killed Rupert
 33604 | D:12     | Noticed Erolcha
 33624 | D:12     | Killed Erolcha
 33660 | D:12     | Found a portal to a secret trove of treasure.
 34006 | Slime:1  | Entered Level 1 of the Pits of Slime
 34008 | Slime:1  | Noticed an acid blob
 34042 | Slime:1  | Noticed an acid blob
 34071 | Slime:1  | Lost mutation: You are extremely strong-willed. (Will+++)
                  | [Jiyva's grace]
 34071 | Slime:1  | Lost mutation: You are highly strong-willed. (Will++)
                  | [Jiyva's grace]
 34071 | Slime:1  | Gained mutation: You are covered in slimy tendrils that may
                  | disarm your opponents. [Jiyva's grace]
 34071 | Slime:1  | Gained mutation: Your muscles are strong. (Str +2) [Jiyva's
                  | grace]
 34071 | Slime:1  | Gained mutation: Your muscles are very strong. (Str +4)
                  | [Jiyva's grace]
 34071 | Slime:1  | Gained mutation: Your spells are a little harder to cast,
                  | but a little more powerful. [Jiyva's grace]
 34201 | Slime:2  | Noticed an azure jelly
 34222 | Slime:2  | Noticed a quicksilver ooze
 34249 | Slime:2  | Noticed an azure jelly
 34267 | Slime:2  | Noticed an azure jelly
 34461 | Slime:2  | Noticed a rockslime
 34486 | Slime:1  | Noticed an azure jelly
 34518 | Slime:1  | Noticed a rockslime
 34535 | Slime:1  | Noticed a rockslime
 34634 | Slime:3  | Noticed an acid blob
 34637 | Slime:3  | Noticed an acid blob
 34652 | Slime:3  | Noticed an azure jelly
 34687 | Slime:3  | Noticed an acid blob
 34884 | Slime:5  | Entered Level 5 of the Pits of Slime
 34940 | Slime:5  | Noticed an acid blob
 34960 | Slime:5  | Noticed a quicksilver ooze
 34970 | Slime:5  | Noticed a quicksilver ooze
 34979 | Slime:5  | Noticed a rockslime
 34992 | Slime:5  | Noticed an acid blob
 35005 | Slime:5  | Noticed Dissolution
 35022 | Slime:5  | Noticed an acid blob
 35022 | Slime:5  | Noticed an azure jelly
 35047 | Slime:5  | Noticed an azure jelly
 35054 | Slime:5  | Noticed an acid blob
 35074 | Slime:5  | Noticed an acid blob
 35075 | Slime:5  | Noticed the Royal Jelly
 35077 | Slime:5  | Noticed a rockslime
 35079 | Slime:5  | Found a viscous altar of Jiyva.
 35094 | Slime:5  | Noticed an acid blob
 35108 | Slime:5  | Lost mutation: You have a pair of large antennae on your
                  | head. (SInv) [Jiyva's grace]
 35108 | Slime:5  | Lost mutation: You have an unnaturally thin skeletal
                  | structure. (Dex +6, Stealth+++) [Jiyva's grace]
 35108 | Slime:5  | Lost mutation: You are strong-willed. (Will+) [Jiyva's
                  | grace]
 35108 | Slime:5  | Lost mutation: You are covered in slimy tendrils that may
                  | disarm your opponents. [Jiyva's grace]
 35108 | Slime:5  | Gained mutation: You are partially covered in iridescent
                  | scales. (AC +2) [Jiyva's grace]
 35108 | Slime:5  | Gained mutation: You are mostly covered in iridescent
                  | scales. (AC +4) [Jiyva's grace]
 35108 | Slime:5  | Gained mutation: You are completely covered in iridescent
                  | scales. (AC +6) [Jiyva's grace]
 35108 | Slime:5  | Gained mutation: Your flesh is heat resistant. (rF+)
                  | [Jiyva's grace]
 35134 | Slime:5  | Got a slimy rune of Zot
 35136 | Slime:5  | Noticed a quicksilver ooze
 35137 | Slime:5  | Found the +10 zealot's sword {holy, *Rage rN+ EV+3}
 35210 | Slime:4  | Noticed an azure jelly
 35211 | Slime:4  | Noticed an azure jelly
 35248 | Slime:4  | Noticed an acid blob
 35315 | Slime:4  | Noticed a rockslime
 35691 | Spider:1 | Killed a ghost moth
 35781 | Spider:2 | Noticed an entropy weaver
 35792 | Spider:2 | Killed an entropy weaver
 35975 | Spider:2 | Reached XP level 14. HP: 66/66 MP: 30/34
 36782 | Spider:3 | Noticed a ghost moth
 36787 | Spider:3 | Killed a ghost moth
 36993 | Spider:3 | Noticed a broodmother
 37008 | Spider:3 | Killed a broodmother
 37553 | Spider:4 | Entered Level 4 of the Spider Nest
 37691 | Spider:4 | Noticed an emperor scorpion
 37696 | Spider:4 | Noticed an emperor scorpion
 37697 | Spider:4 | Slain by a torpor snail

Illustrated notes

Levels and vault maps discovered:
D:1:      grunt_arrival_lava_bath, layout_loops_ring,
          shapermc_ecumenical_altar_venn, st_stairs_13
D:2:      layout_loops_cross, basic_altar
D:3:      layout_rooms, mainiacjoe_overflow_paths, mainiacjoe_overflow_catwalk,
          uniq_grinder
D:4:      layout_gridville, lemuel_blue_sif_altar, nicolae_wu_jian_wuxing_cycle
D:5:      layout_rooms, okawaru_trees_2, kennysheep_slug_shrine, led_xom_imps,
          bh_walls_and_bars
D:6:      layout_loops_ring, old_standard_altar, minmay_temple_entry_fiery
D:7:      layout_cave_pools
D:8:      layout_layer_cave, david_lair_generic, enter_ossuary_4,
          hangedman_feature_mirror, grunt_decor_arrowhead
D:9:      layout_layer_cave, grunt_gozag_breadcrumbs, minitemple,
          kennysheep_orc_monster_closet_entryway, enter_bailey_5, serial_shops,
          nicolae_shop_trees, ebering_ghost_funeral_grove,
          nicolae_looking_at_the_future, uniq_erica
D:10:     layout_long_grid, mainiacjoe_overflow_alcove_2,
          nicolae_hepliaklqana_hazy_memory, serial_shops, shop, uniq_fannar
D:11:     layout_roguey, nicolae_two_hexagons, nicolae_shop_dragon_depot,
          uniq_sonja
D:12:     layout_irregular_city, serial_shops, nicolae_stop_n_shop_2,
          nicolae_trove_entry_diagonal, minmay_orc_keep, uniq_rupert,
          uniq_erolcha, uniq_urug
D:13:     layout_cave_pods, david_vaults_4, serial_shops,
          nicolae_lakefront_shop, portal_ice_cave_entry_imps,
          kennysheep_just_a_vault, uniq_frances
Temple:   dpeg_three_leaves_temple
Lair:1:   layout_regular_city, serial_forest, infiniplex_forest_lined_3,
          infiniplex_forest_lined_3, infiniplex_forest_straight_2,
          infiniplex_forest_corner_1, infiniplex_forest_straight_1,
          infiniplex_forest_straight_2, infiniplex_forest_lined_room_2,
          infiniplex_forest_straight_3, infiniplex_forest_clump_small,
          eino_small_chamber_without_monster
Lair:2:   layout_gridlike, hangedman_tree_tricks, st_stairs_3,
          lemuel_oklob_altar
Lair:3:   layout_roguey, minmay_shoals_entry_lonely_mermaid, spider_nest_entry_a
Lair:4:   layout_gridlike, serial_bayou_shore_b, serial_bayou_shore_a
Lair:5:   layout_regular_city
Lair:6:   cheibrodos_lair_end_hotspot, layout_regular_city, slime_altar_2
Spider:1: layout_spider_delve, nicolae_spider_eight_legs, uniq_aizul
Spider:2: layout_cave_pods
Spider:3: layout_spider_delve
Spider:4: guppyfry_spider_rune, gammafunk_ghost_split
Slime:1:  layout_caves
Slime:2:  layout_caves, nicolae_slime_phagocytosis
Slime:3:  layout_caves
Slime:4:  layout_caves
Slime:5:  uniq_dissolution
Orc:1:    layout_diamond_mine, serial_shops, shop_fountains,
          david_defended_altar_orc
Orc:2:    grunt_orc_cross, layout_caves, mines2_david

Skill      XL: |  1  2  3  4  5  6  7  8  9 10 11 12 13 14 |
---------------+-------------------------------------------+-----
Stealth        | 3 4 5 6 |  6.2
Spellcasting   | 3 4 5 6 7 8 10 12 13 15 16 | 16.3
Summonings     | 5 6 7 8 9 10 13 14 16 | 16.4
Translocations | 2 3 4 5 8 9 10 | 10.5
Dodging        | 3 4 5 |  5.6
Hexes          | 1 4 6 7 9 11 | 11.3
Air Magic      | 2 6 5 7 8 |  8.2
Fighting       | 2 4 6 |  6.0
Unarmed Combat | |  0.3
Invocations    | |  0.8

Action                   |  1- 3 |  4- 6 |  7- 9 | 10-12 | 13-15 || total
-------------------------+-------+-------+-------+-------+-------++-------
Melee: Unarmed           |     1 |    17 |     1 |    29 |    13 ||    61
       Bite              |       |     1 |       |       |     1 ||     2
 Cast: Summon Small Mamm |   109 |   101 |    73 |    65 |    25 ||   373
       Call Imp          |    21 |    44 |    10 |    23 |    23 ||   121
       Call Canine Famil |       |    22 |    65 |   108 |    75 ||   270
       Blink             |       |       |     3 |    15 |    32 ||    50
       Summon Guardian G |       |       |    49 |   184 |   144 ||   377
       Summon Lightning  |       |       |       |   168 |   132 ||   300
       Manifold Assault  |       |       |       |    15 |     2 ||    17
       Summon Forest     |       |       |       |       |    40 ||    40
       Summon Hydra      |       |       |       |       |     1 ||     1
Invok: Heal Self         |       |       |       |     1 |       ||     1
  Use: Potion            |       |     2 |       |     2 |     4 ||     8
       Scroll            |       |       |    16 |     8 |     1 ||    25
Armor: Skin              |     8 |     2 |       |     4 |    26 ||    40
Dodge: Dodged            |    38 |    42 |    17 |   118 |   276 ||   491

Table legend: (Time is in decaauts)
 A = Elapsed time spent in this place.
 B = Non-inter-level travel time spent in this place.
 C = Inter-level travel time spent in this place.
 D = Time resting spent in this place.
 E = Time spent auto-exploring this place.
 F = Levels seen in this place.
 G = Mean time per level.
                   A        B        C        D        E       F      G
               +--------+--------+--------+--------+--------+-----+--------+
         Total |  33289 |  30636 |   2653 |   5540 |  15593 |  32 | 1040.3 |
       Dungeon |  15907 |  14661 |   1246 |   2749 |   7771 |  13 | 1223.6 |
        Temple |     85 |     61 |     24 |      0 |     46 |   1 |   85.0 |
          Lair |  10040 |   9252 |    788 |   1970 |   4619 |   6 | 1673.3 |
   Spider Nest |   3718 |   3416 |    302 |    612 |   1231 |   4 |  929.5 |
    Slime Pits |   1171 |   1051 |    120 |      0 |    976 |   5 |  234.2 |
  Orcish Mines |   1883 |   1713 |    170 |    110 |    836 |   2 |  941.5 |
       Ossuary |    483 |    483 |      0 |     98 |    113 |   1 |  483.0 |
               +--------+--------+--------+--------+--------+-----+--------+

Top non-repeatable levels by time:
  Lair:6: 3259 daAuts
     D:8: 2576 daAuts
     D:4: 2302 daAuts
     D:6: 2067 daAuts
Spider:1: 1708 daAuts
  Lair:3: 1610 daAuts
     D:1: 1606 daAuts
  Lair:2: 1515 daAuts
     D:7: 1498 daAuts
  Lair:1: 1426 daAuts
     D:5: 1365 daAuts
   Orc:2: 1213 daAuts
  Lair:4: 1206 daAuts
Spider:2: 1186 daAuts
     D:9: 1107 daAuts
